UAA
TACOMA FUR TRADERS @ LEUPP ARROWHEADS
09/01/2017
 
TOP OF THE 1ST
Tacoma Fur Traders batting - Pitching for Leupp Arrowheads : RHP Jim Unknown
Pitching: RHP Jim Unknown
Batting: RHB Mike Daniels 0-0: SINGLE (Line Drive, 4D)
Batting: RHB Mark Allen 0-0: Ball
Mike Daniels steals 2nd base
1-0: Swinging Strike
1-1: Fly out, F2 (Popup, 23F)
Batting: RHB Brett Robinson 0-0: Called Strike
Mike Daniels steals 3rd base
0-1: Ground out 1-3 (Groundball, 13S)
Batting: RHB Ángel Garza 0-0: Called Strike
0-1: Ball
1-1: Foul Ball, location: 2F
1-2: Fly out, F8 (Popup, 8LS)
Top of the 1st over - 0 run(s), 1 hit(s), 0 error(s), 1 left on base; Tacoma 0 - Leupp 0
BOTTOM OF THE 1ST
Leupp Arrowheads batting - Pitching for Tacoma Fur Traders : RHP Javier López
Pitching: RHP Javier López
Batting: SHB Alan Manor 0-0: Called Strike
0-1: Ball
1-1: Foul Ball, location: 2F
1-2: Ball
2-2: Strikes out looking
Batting: RHB Kelly Reed 0-0: Ball
1-0: Ball
2-0: Foul Ball, location: 2F
2-1: Ball
3-1: SINGLE (Groundball, 6MD)
Batting: RHB Keith Best 0-0: 2-RUN HOME RUN (Flyball, 78XD), Distance : 416 ft
Batting: RHB Nick Hatfield 0-0: Ball
1-0: Foul Ball, location: 2F
1-1: Fly out, F4 (Popup, 4MD)
Batting: RHB Brent Burgess 0-0: Fly out, F7 (Flyball, 7M)
Bottom of the 1st over - 2 run(s), 2 hit(s), 0 error(s), 0 left on base; Tacoma 0 - Leupp 2
TOP OF THE 2ND
Tacoma Fur Traders batting - Pitching for Leupp Arrowheads : RHP Jim Unknown
Batting: RHB Mo Zhou 0-0: Ball
1-0: Ball
2-0: Swinging Strike
2-1: Ball
3-1: Base on Balls
Batting: RHB Eldon McGillivour 0-0: Grounds into double play, 6-4-3 (Groundball, 6M)
Batting: SHB Patrick Crawford 0-0: Ball
1-0: Ball
2-0: Foul Ball, location: 2F
2-1: Fly out, F8 (Flyball, 8RS)
Top of the 2nd over - 0 run(s), 0 hit(s), 0 error(s), 0 left on base; Tacoma 0 - Leupp 2
BOTTOM OF THE 2ND
Leupp Arrowheads batting - Pitching for Tacoma Fur Traders : RHP Javier López
Batting: LHB Tim Hill 0-0: Ball
1-0: Ball
2-0: Ball
3-0: Base on Balls
Batting: RHB Julián Negrón 0-0: Grounds into double play, 4-6-3 (Groundball, 4)
Batting: RHB Alberto Taváres 0-0: Ball
1-0: Foul Ball, location: 2F
1-1: Ground out 6-3 (Groundball, 6)
Bottom of the 2nd over - 0 run(s), 0 hit(s), 0 error(s), 0 left on base; Tacoma 0 - Leupp 2
TOP OF THE 3RD
Tacoma Fur Traders batting - Pitching for Leupp Arrowheads : RHP Jim Unknown
Batting: RHB Johnny Bryant 0-0: Ball
1-0: Ball
2-0: Called Strike
2-1: Ball
3-1: Foul Ball, location: 2F
3-2: Strikes out swinging
Batting: RHB Dale Blair 0-0: Swinging Strike
0-1: SINGLE (Flyball, 8LS)
Batting: RHB Mike Daniels 0-0: Foul Ball, location: 2F
0-1: Fly out, F7 (Flyball, 7M)
Batting: RHB Mark Allen 0-0: Swinging Strike
0-1: Ball
1-1: Called Strike
1-2: Strikes out swinging
Top of the 3rd over - 0 run(s), 1 hit(s), 0 error(s), 1 left on base; Tacoma 0 - Leupp 2
BOTTOM OF THE 3RD
Leupp Arrowheads batting - Pitching for Tacoma Fur Traders : RHP Javier López
Batting: SHB Artie Hemming 0-0: Called Strike
0-1: Swinging Strike
0-2: Ball
1-2: Ball
2-2: Fly out, F9 (Popup, 9S)
Batting: SHB Alan Manor 0-0: Called Strike
0-1: Called Strike
0-2: Foul Ball, location: 2F
0-2: Ball
1-2: Strikes out swinging
Batting: RHB Kelly Reed 0-0: Ball
1-0: Called Strike
1-1: Fly out, F8 (Flyball, 8RM)
Bottom of the 3rd over - 0 run(s), 0 hit(s), 0 error(s), 0 left on base; Tacoma 0 - Leupp 2
TOP OF THE 4TH
Tacoma Fur Traders batting - Pitching for Leupp Arrowheads : RHP Jim Unknown
Batting: RHB Brett Robinson 0-0: Called Strike
0-1: Foul Ball, location: 2F
0-2: Strikes out swinging
Batting: RHB Ángel Garza 0-0: Ball
1-0: Called Strike
1-1: Fly out, F8 (Flyball, 8RM)
Batting: RHB Mo Zhou 0-0: Called Strike
0-1: SINGLE (Line Drive, 34S)
Batting: RHB Eldon McGillivour 0-0: Ball
1-0: Ball
2-0: SINGLE (Groundball, 56D)
Mo Zhou to second
Batting: SHB Patrick Crawford 0-0: Ball
1-0: Ball
2-0: Called Strike
2-1: Ground out 4-3 (Groundball, 4)
Top of the 4th over - 0 run(s), 2 hit(s), 0 error(s), 2 left on base; Tacoma 0 - Leupp 2
BOTTOM OF THE 4TH
Leupp Arrowheads batting - Pitching for Tacoma Fur Traders : RHP Javier López
Batting: RHB Keith Best 0-0: Ball
1-0: Ball
2-0: Foul Ball, location: 2F
2-1: Ball
3-1: Base on Balls
Batting: RHB Nick Hatfield 0-0: Called Strike
0-1: Ball
1-1: Ball
2-1: Swinging Strike
2-2: Foul Ball, location: 2F
2-2: DOUBLE (Line Drive, 9LM)
Keith Best to third
Batting: RHB Brent Burgess 0-0: Ball
1-0: Ground out 6-3 (Groundball, 6)
Keith Best scores
Batting: LHB Tim Hill 0-0: DOUBLE (Line Drive, 8LM)
Nick Hatfield scores
Batting: RHB Julián Negrón 0-0: Ball
1-0: Ball
2-0: Called Strike
2-1: SINGLE (Groundball, 56D)
Tim Hill to third
Batting: RHB Alberto Taváres 0-0: Called Strike
0-1: Ball
1-1: Swinging Strike
1-2: Foul Ball, location: 2F
1-2: Fly out, F9 (Line Drive, 9M)
Runner from 3rd tags up, SCORES, throw made
Batting: SHB Artie Hemming 0-0: Called Strike
0-1: Ball
1-1: Ground out 6-3 (Groundball, 6)
Bottom of the 4th over - 3 run(s), 3 hit(s), 0 error(s), 1 left on base; Tacoma 0 - Leupp 5
TOP OF THE 5TH
Tacoma Fur Traders batting - Pitching for Leupp Arrowheads : RHP Jim Unknown
Batting: RHB Johnny Bryant 0-0: Foul Ball, location: 2F
0-1: Ball
1-1: Ball
2-1: Fly out, F8 (Flyball, 8RM)
Batting: RHB Dale Blair 0-0: Foul Ball, location: 2F
0-1: Called Strike
0-2: Ball
1-2: Ball
2-2: Strikes out swinging
Batting: RHB Mike Daniels 0-0: SINGLE (Groundball, 56D) (infield hit)
Batting: RHB Mark Allen 0-0: Called Strike
0-1: Called Strike
0-2: Strikes out swinging
Top of the 5th over - 0 run(s), 1 hit(s), 0 error(s), 1 left on base; Tacoma 0 - Leupp 5
BOTTOM OF THE 5TH
Leupp Arrowheads batting - Pitching for Tacoma Fur Traders : RHP Javier López
Batting: SHB Alan Manor 0-0: Ball
1-0: Ball
2-0: Ball
3-0: Base on Balls
Batting: RHB Kelly Reed 0-0: Foul Ball, location: 2F
0-1: Ball
1-1: Ball
2-1: Foul Ball, location: 2F
2-2: Strikes out swinging
Batting: RHB Keith Best 0-0: Ball
1-0: Called Strike
1-1: Foul Ball, location: 2F
1-2: Ball
2-2: Strikes out swinging
Batting: RHB Nick Hatfield 0-0: Ball
1-0: Ball
Wild Pitch!
Alan Manor to second
2-0: Fly out, F8 (Flyball, 8LM)
Bottom of the 5th over - 0 run(s), 0 hit(s), 0 error(s), 1 left on base; Tacoma 0 - Leupp 5
TOP OF THE 6TH
Tacoma Fur Traders batting - Pitching for Leupp Arrowheads : RHP Jim Unknown
Batting: RHB Brett Robinson 0-0: Ball
1-0: SINGLE (Line Drive, 78M)
Batting: RHB Ángel Garza 0-0: Foul Ball, location: 2F
0-1: Ball
1-1: Ball
2-1: SINGLE (Groundball, 4D)
Brett Robinson to second
Runner from 2nd tries for 3rd, SAFE, throw made to third
Batting: RHB Mo Zhou 0-0: Ball
1-0: Ball
2-0: SINGLE (Groundball, 56D)
Brett Robinson scores
Ángel Garza to second
Batting: RHB Eldon McGillivour 0-0: Grounds into double play, 4-6-3 (Groundball, 4)
Ángel Garza to third
Batting: SHB Patrick Crawford 0-0: Swinging Strike
0-1: Foul Ball, location: 2F
0-2: Ball
1-2: Strikes out looking
Top of the 6th over - 1 run(s), 3 hit(s), 0 error(s), 1 left on base; Tacoma 1 - Leupp 5
BOTTOM OF THE 6TH
Leupp Arrowheads batting - Pitching for Tacoma Fur Traders : RHP Javier López
Batting: RHB Brent Burgess 0-0: Ball
1-0: Ball
2-0: Called Strike
2-1: Fly out, F7 (Flyball, 78M)
Batting: LHB Tim Hill 0-0: Ground out 1-3 (Groundball, 23)
Batting: RHB Julián Negrón 0-0: Fly out, F6 (Popup, 7LS)
Bottom of the 6th over - 0 run(s), 0 hit(s), 0 error(s), 0 left on base; Tacoma 1 - Leupp 5
TOP OF THE 7TH
Tacoma Fur Traders batting - Pitching for Leupp Arrowheads : RHP Jim Unknown
Batting: RHB Johnny Bryant 0-0: Foul Ball, location: 2F
0-1: Foul Ball, location: 2F
0-2: Ball
1-2: Ball
2-2: Foul Ball, location: 2F
2-2: Strikes out swinging
Batting: RHB Dale Blair 0-0: Ball
1-0: Foul Ball, location: 2F
1-1: Called Strike
1-2: Ball
2-2: Strikes out swinging
Batting: RHB Mike Daniels 0-0: Ball
1-0: Ball
2-0: Called Strike
2-1: Fly out, F9 (Flyball, 8RM)
Top of the 7th over - 0 run(s), 0 hit(s), 0 error(s), 0 left on base; Tacoma 1 - Leupp 5
BOTTOM OF THE 7TH
Leupp Arrowheads batting - Pitching for Tacoma Fur Traders : RHP Javier López
Batting: RHB Alberto Taváres 0-0: Ball
1-0: Ball
2-0: Ball
3-0: Called Strike
3-1: Swinging Strike
3-2: Foul Ball, location: 2F
3-2: Foul Ball, location: 2F
3-2: Base on Balls
Batting: SHB Artie Hemming 0-0: Ball
1-0: Fly out, F9 (Line Drive, 89M)
Batting: SHB Alan Manor 0-0: Ball
1-0: Ball
2-0: Foul Ball, location: 2F
2-1: Foul Ball, location: 2F
2-2: Ball
3-2: Foul Ball, location: 2F
3-2: Base on Balls
Alberto Taváres to second
Pitching: RHP Pat Vogel
Batting: RHB Kelly Reed 0-0: SINGLE (Groundball, 4)
Alberto Taváres to third
Alan Manor to second
Runner from 3rd tries for Home, SAFE, throw made home
Batting: RHB Keith Best 0-0: Called Strike
0-1: Called Strike
0-2: Strikes out swinging
Batting: RHB Nick Hatfield 0-0: Called Strike
0-1: Fly out, F8 (Flyball, 8RM)
Bottom of the 7th over - 1 run(s), 1 hit(s), 0 error(s), 2 left on base; Tacoma 1 - Leupp 6
TOP OF THE 8TH
Tacoma Fur Traders batting - Pitching for Leupp Arrowheads : RHP Jim Unknown
Batting: RHB Mark Allen 0-0: Foul Ball, location: 2F
0-1: Ball
1-1: Ground out 1-3 (Groundball, 23)
Batting: RHB Brett Robinson 0-0: SINGLE (Groundball, 6M)
Batting: RHB Ángel Garza 0-0: Ball
1-0: Ball
2-0: Grounds into double play, 5-4-3 (Groundball, 56)
Top of the 8th over - 0 run(s), 1 hit(s), 0 error(s), 0 left on base; Tacoma 1 - Leupp 6
BOTTOM OF THE 8TH
Leupp Arrowheads batting - Pitching for Tacoma Fur Traders : RHP Pat Vogel
Batting: RHB Brent Burgess 0-0: Ball
1-0: Foul Ball, location: 2F
1-1: Ground out 4-3 (Groundball, 4)
Batting: LHB Tim Hill 0-0: Ball
1-0: Ball
2-0: Ground out 4-3 (Groundball, 4M)
Batting: RHB Julián Negrón 0-0: SINGLE (Groundball, 6MD)
Batting: RHB Alberto Taváres 0-0: Ball
1-0: Foul Ball, location: 2F
1-1: Ball
2-1: Ball
3-1: Base on Balls
Julián Negrón to second
Batting: SHB Artie Hemming 0-0: Ball
1-0: Called Strike
1-1: Ground out 2-3 (Groundball, 2R)
Bottom of the 8th over - 0 run(s), 1 hit(s), 0 error(s), 2 left on base; Tacoma 1 - Leupp 6
TOP OF THE 9TH
Tacoma Fur Traders batting - Pitching for Leupp Arrowheads : RHP Jim Unknown
Pitching: RHP Jim Unknown
Batting: RHB Mo Zhou 0-0: Foul Ball, location: 2F
0-1: Ball
1-1: Ball
2-1: DOUBLE (Line Drive, 7LM)
Batting: RHB Eldon McGillivour 0-0: Called Strike
0-1: Fly out, F9 (Line Drive, 9S)
Batting: SHB Patrick Crawford 0-0: Ball
1-0: Called Strike
1-1: Ball
2-1: Foul Ball, location: 2F
2-2: Ball
3-2: Foul Ball, location: 2F
3-2: Base on Balls
Batting: RHB Johnny Bryant 0-0: Ball
1-0: Fly out, F8 (Flyball, 89S)
Batting: RHB Dale Blair 0-0: SINGLE (Groundball, 56D)
Mo Zhou to third
Patrick Crawford to second
Runner from 3rd tries for Home, SAFE, no throw or cutoff
Batting: RHB Mike Daniels 0-0: Foul Ball, location: 2F
0-1: Foul Ball, location: 2F
0-2: Ball
1-2: Ball
2-2: Foul Ball, location: 2F
2-2: Fly out, F9 (Flyball, 9M)
Top of the 9th over - 1 run(s), 2 hit(s), 0 error(s), 2 left on base; Tacoma 2 - Leupp 6
This league is powered by Out of the Park Baseball, the baseball management simulation game for PC, Mac and Linux
Saturday, February 27th, 2021 - OOTP Baseball 15.6 Build 34